 Dungeon Crawl Stone Soup version 0.29.1-12-g30fa7ad0bf (webtiles) character file.

Game seed: 10947354102893236279

86 wormed the Caller (level 4, -1/32 HPs)
             Began as a Gnoll Summoner on Dec 26, 2022.
             Slain by ZoeForever1's ghost (9 damage)
             ... on level 3 of the Dungeon.
             The game lasted 00:04:45 (2521 turns).

wormed the Caller (Gnoll Summoner)                  Turns: 2521, Time: 00:04:46

Health: -1/32      AC:  5    Str:  7    XL:     4   Next: 49%
Magic:  3/11       EV: 12    Int: 17    God:
Gold:   105        SH:  0    Dex: 12    Spells: 6/13 levels left

rFire   . . .      SeeInvis .   d - +0 spear
rCold   . . .      Faith    .   (no shield)
rNeg    . . .      Spirit   .   n - +0 leather armour
rPois   .          Reflect  .   (no helmet)
rElec   .          Harm     .   m - +0 cloak
rCorr   .          Rampage  .   (no gloves)
Will    .....                   k - +0 pair of boots
Stlth   ++........              (no amulet)
HPRegen 0.10/turn               (no ring)
MPRegen 0.12/turn               (no ring)

@: no status effects
A: fangs 1, strong nose, distributed training
a: no special abilities


You were on level 3 of the Dungeon.
You visited 1 branch of the dungeon, and saw 3 of its levels.

You collected 105 gold pieces.

Inventory:

Hand Weapons
 d - a +0 spear (weapon)
Armour
 a - a +0 robe
 k - a +0 pair of boots (worn)
 m - a +0 cloak (worn)
 n - a +0 leather armour (worn)
Magical Staves
 l - a staff of cold
Scrolls
 e - a scroll of amnesia {unknown}
 g - a scroll of immolation
 h - a scroll of silence {unknown}
 j - 4 scrolls of identify {unknown}
 o - a scroll of butterflies {unknown}
 p - a scroll of noise {unknown}
Potions
 b - a potion of magic
 c - 3 potions of brilliance {unknown}
 f - a potion of curing {unknown}
 i - a potion of haste {unknown}


   Skills:
 + Level 1.2 Fighting
 + Level 1.2 Short Blades
 + Level 1.2 Long Blades
 + Level 1.2 Axes
 + Level 1.2 Maces & Flails
 + Level 1.2 Polearms
 + Level 1.2 Staves
 + Level 1.2 Ranged Weapons
 + Level 1.2 Throwing
 + Level 1.2 Armour
 + Level 4.6 Dodging
 + Level 4.3 Stealth
 + Level 1.2 Shields
 + Level 1.2 Unarmed Combat
 + Level 5.1 Spellcasting
 + Level 1.0 Conjurations
 + Level 1.0 Hexes
 + Level 7.1 Summonings
 + Level 1.0 Necromancy
 + Level 1.0 Translocations
 + Level 1.0 Transmutations
 + Level 1.0 Fire Magic
 + Level 1.0 Ice Magic
 + Level 1.0 Air Magic
 + Level 1.0 Earth Magic
 + Level 1.0 Poison Magic
 + Level 1.3 Invocations
 + Level 1.2 Evocations


You had 6 spell levels left.
You knew the following spells:

 Your Spells              Type           Power      Damage    Failure   Level
a - Summon Small Mammal   Summ           100%       N/A       1%          1
b - Call Canine Familiar  Summ           28%        N/A       3%          3
c - Summon Guardian Gole  Hex/Summ       18%        N/A       12%         3

Your spell library contained the following spells:

 Spells                   Type           Power      Damage    Failure   Level
 Call Imp                 Summ           28%        N/A       1%          2
 Freeze                   Ice            28%        1d5       14%         1
 Ensorcelled Hibernation  Hex/Ice        14%        N/A       21%         2
 Passwall                 Tmut/Erth      5%         N/A       21%         2
 Static Discharge         Conj/Air       7%         3-4/arc   21%         2
 Summon Lightning Spire   Summ/Air       18%        N/A       36%         4
 Frozen Ramparts          Ice            14%        1d3       38%         3
 Swiftness                Air            7%         N/A       38%         3
 Hailstorm                Conj/Ice       7%         3d4       80%         4
 Lightning Bolt           Conj/Air       3%         1d15      98%         5
 Maxwell's Capacitive Co  Air            3%         ∞         100%        8


Dungeon Overview and Level Annotations

Branches:
Dungeon (3/15)

Altars:

Annotations:
D:3 ZoeForever1's ghost, amateur GnHu


Innate Abilities, Weirdness & Mutations

You have very sharp teeth.
Your uncanny sense of smell can sniff out nearby items.
Your experience applies equally to all skills.


Message History

Your hound bites ZoeForever1's ghost but does no damage.
Your bat closely misses ZoeForever1's ghost.
Your hound bites ZoeForever1's ghost.
ZoeForever1's ghost hits your bat.
Your bat dies!
Your bat's corpse disappears in a puff of smoke!
ZoeForever1's ghost turns its malevolent gaze towards you.
You hear an angry hiss.
Your hound barely misses ZoeForever1's ghost.
Your hound bites ZoeForever1's ghost but does no damage.
ZoeForever1's ghost hits your hound!
Your hound misses ZoeForever1's ghost.
Reach: d) +0 spear
Press: ? - help, Dir - move target, f/p - ZoeForever1's ghost
Aim: ZoeForever1's ghost (almost destroyed, not watching you, ally target, about 52% to evade your +0 spear)
You reach to attack!
You closely miss ZoeForever1's ghost.
ZoeForever1's ghost is almost destroyed.
Your hound barely misses ZoeForever1's ghost.
A ball python comes into view.
Reach: d) +0 spear
Press: ? - help, Dir - move target, f/p - ZoeForever1's ghost
Aim: ZoeForever1's ghost (almost destroyed, ally target, about 52% to evade your +0 spear)
You closely miss ZoeForever1's ghost.
ZoeForever1's ghost is almost destroyed.
ZoeForever1's ghost completely misses you.
Your hound closely misses ZoeForever1's ghost.
Reach: d) +0 spear
Press: ? - help, Dir - move target, f/p - ZoeForever1's ghost
Aim: ZoeForever1's ghost (almost destroyed, ally target, about 52% to evade your +0 spear)
You hit ZoeForever1's ghost but do no damage.
ZoeForever1's ghost is almost destroyed.
Your hound barely misses ZoeForever1's ghost.
ZoeForever1's ghost hits you.
* * * LOW HITPOINT WARNING * * *
Reach: d) +0 spear
Press: ? - help, Dir - move target, f/p - ZoeForever1's ghost
Aim: ZoeForever1's ghost (almost destroyed, ally target, about 52% to evade your +0 spear)
You barely miss ZoeForever1's ghost.
ZoeForever1's ghost is almost destroyed.
Your hound barely misses ZoeForever1's ghost.
ZoeForever1's ghost hits you!
You die...

######.#.#....
#...##.#.#...
#??.#....... ..
#.).#.....#
....##)##....S#
........<.....#
..........h...#
.....#....W...+
.... #....@...#
#.. #.....>..#
#. ########## +


You could see ZoeForever1's ghost (ally target), a ball python and a friendly
hound (summoned).

Vanquished Creatures
  2 adders (D:2)
  A hobgoblin (D:1)
  2 quokkas (D:1)
  2 ball pythons (D:1)
  A bat (D:1)
  A kobold (D:1)
9 creatures vanquished.

Vanquished Creatures (collateral kills)
  An adder (D:2)
  3 dart slugs
  An orc (D:3)
  5 bats
  6 endoplasms
  A giant cockroach (D:1)
  2 goblins (D:2)
  3 hobgoblins
  3 jackals (D:1)
  5 kobolds
  2 quokkas
  2 ball pythons (D:1)
  3 frilled lizards
  5 rats
42 creatures vanquished.

Grand Total: 51 creatures vanquished

Notes
Turn   | Place    | Note
-------+----------+-------------------------------------------
     0 | D:1      | wormed the Gnoll Summoner began the quest for the Orb.
     0 | D:1      | Reached XP level 1. HP: 13/13 MP: 6/6
   128 | D:1      | Found a faded altar of an unknown god.
   196 | D:1      | Reached XP level 2. HP: 14/19 MP: 5/7
   861 | D:1      | Reached skill level 5 in Spellcasting
   861 | D:1      | Reached XP level 3. HP: 25/25 MP: 4/9
   865 | D:1      | Learned a level 3 spell: Call Canine Familiar
   869 | D:1      | Learned a level 3 spell: Summon Guardian Golem
  1314 | D:1      | Reached skill level 1 in Invocations
  1548 | D:2      | Reached skill level 1 in Fighting
  1548 | D:2      | Reached skill level 1 in Short Blades
  1548 | D:2      | Reached skill level 1 in Long Blades
  1548 | D:2      | Reached skill level 1 in Axes
  1548 | D:2      | Reached skill level 1 in Maces & Flails
  1548 | D:2      | Reached skill level 1 in Polearms
  1548 | D:2      | Reached skill level 1 in Staves
  1548 | D:2      | Reached skill level 1 in Ranged Weapons
  1548 | D:2      | Reached skill level 1 in Throwing
  1548 | D:2      | Reached skill level 1 in Armour
  1548 | D:2      | Reached skill level 1 in Shields
  1548 | D:2      | Reached skill level 1 in Unarmed Combat
  1548 | D:2      | Reached skill level 1 in Evocations
  1760 | D:2      | Reached XP level 4. HP: 24/32 MP: 8/11
  2427 | D:2      | Reached skill level 1 in Conjurations
  2427 | D:2      | Reached skill level 1 in Hexes
  2427 | D:2      | Reached skill level 1 in Necromancy
  2427 | D:2      | Reached skill level 1 in Translocations
  2427 | D:2      | Reached skill level 1 in Transmutations
  2427 | D:2      | Reached skill level 1 in Fire Magic
  2427 | D:2      | Reached skill level 1 in Ice Magic
  2427 | D:2      | Reached skill level 1 in Air Magic
  2427 | D:2      | Reached skill level 1 in Earth Magic
  2427 | D:2      | Reached skill level 1 in Poison Magic
  2485 | D:3      | Noticed ZoeForever1's ghost (amateur GnHu)
  2485 | D:3      | Found a runed translucent door.
  2521 | D:3      | Slain by ZoeForever1's ghost

Illustrated notes

Levels and vault maps discovered:
D:1:      amcnicky_arrival_underground_garden, layout_loops_ring,
          basic_ecumenical_altar, chequers_serial_rivers_large_a,
          minmay_tree_intersection
D:2:      layout_basic
D:3:      layout_basic, serial_shops, shop_fountains, ebering_ghost_inner_flame,
          minmay_goblin_outpost, uniq_jessica

Skill      XL: |  1  2  3  4 |
---------------+-------------+-----
Spellcasting   | 5 |  5.1
Invocations    | 1 |  1.3
Fighting       | 1 |  1.2
Short Blades   | 1 |  1.2
Long Blades    | 1 |  1.2
Axes           | 1 |  1.2
Maces & Flails | 1 |  1.2
Polearms       | 1 |  1.2
Staves         | 1 |  1.2
Ranged Weapons | 1 |  1.2
Throwing       | 1 |  1.2
Armour         | 1 |  1.2
Shields        | 1 |  1.2
Unarmed Combat | 1 |  1.2
Evocations     | 1 |  1.2
Conjurations   | 1 |  1.0
Hexes          | 1 |  1.0
Necromancy     | 1 |  1.0
Translocations | 1 |  1.0
Transmutations | 1 |  1.0
Fire Magic     | 1 |  1.0
Ice Magic      | 1 |  1.0
Air Magic      | 1 |  1.0
Earth Magic    | 1 |  1.0
Poison Magic   | 1 |  1.0
Dodging        | |  4.6
Stealth        | |  4.3
Summonings     | |  7.1

Action                   |  1- 3 |  4- 6 || total
-------------------------+-------+-------++-------
Melee: Spear             |    38 |    20 ||    58
       Unarmed           |     2 |       ||     2
       Bite              |       |     2 ||     2
 Cast: Summon Small Mamm |    40 |     7 ||    47
       Call Canine Famil |     8 |     6 ||    14
 Stab: Sleeping          |     2 |     1 ||     3
       Distracted        |       |     1 ||     1
Armor: Robe              |    17 |       ||    17
       Leather armour    |       |     2 ||     2
Dodge: Dodged            |    44 |    12 ||    56
